 Dungeon Crawl Stone Soup version 0.20-a0-1036-g4d371cd (webtiles) character file.

499 Angani the Slinger (level 7, -12/44 HPs)
             Began as a Halfling Hunter on Apr 22, 2017.
             Mangled by an orc warrior
             ... wielding a +0 hand axe
              (14 damage)
             ... on level 5 of the Dungeon.
             The game lasted 00:10:56 (4405 turns).

Angani the Slinger (Halfling Hunter)                Turns: 4405, Time: 00:10:57

Health: -12/44     AC:  4    Str: 18    XL:     7   Next: 39%
Magic:  7/7        EV: 20    Int:  9    God:
Gold:   223        SH:  0    Dex: 22    Spells: 6/6 levels left

rFire    + . .     SeeInvis .   b - +0 short sword
rCold    + . .     Gourm    .   (shield restricted)
rNeg     + . .     Faith    .   c - +0 leather armour
rPois    +         Spirit   .   (no helmet)
rElec    +         Reflect  .   r - +0 cloak
rCorr    +         Harm     .   (no gloves)
MR       .....                  (no boots)
Stlth    +++.......             (no amulet)
Regen    0.2/turn               s - ring of positive energy
MPRegen  0.1/turn               y - ring of poison resistance

@: mighty, agile, resistant
A: mutation resistance 1
a: no special abilities


You were on level 5 of the Dungeon.
You were hungry.

You visited 1 branch of the dungeon, and saw 6 of its levels.

You collected 223 gold pieces.

Inventory:

Hand Weapons
 a - a +1 hunting sling
 b - a +0 short sword (weapon)
Missiles
 d - 11 sling bullets
 g - 60 stones (quivered)
Armour
 c - a +0 leather armour (worn)
 r - a +0 cloak (worn)
Jewellery
 s - a ring of positive energy (left hand)
 y - a ring of poison resistance (right hand)
Wands
 B - a wand of polymorph (9/24)
Scrolls
 i - 5 scrolls of identify {unknown}
 p - a scroll of teleportation {unknown}
 q - a scroll of amnesia {unknown}
 t - a scroll of enchant weapon {unknown}
 u - 4 scrolls of remove curse {unknown}
 w - 2 scrolls of enchant armour {unknown}
 C - a scroll of magic mapping {unknown}
 D - a scroll of random uselessness {unknown}
Potions
 e - 2 potions of magic
 h - a potion of agility
 j - a potion of berserk rage {unknown}
 k - a potion of brilliance {unknown}
 l - a potion of resistance
 n - a potion of haste
 o - a potion of degeneration {unknown}
 x - a potion of flight
Books
 z - a book of Callings

   Spells                             Type                      Level
   a - Summon Small Mammal            Summoning                    1
   b - Call Imp                       Summoning                    2
   c - Call Canine Familiar           Summoning                    3
   d - Summon Guardian Golem          Hexes/Summoning              3
   e - Summon Lightning Spire         Summoning/Air                4
   f - Summon Ice Beast               Ice/Summoning                4
Comestibles
 f - 3 bread rations
 v - 6 fruits
 A - a meat ration


   Skills:
 - Level 1.7 Fighting
 + Level 11.7 Slings
 - Level 2.1 Dodging
 - Level 1.1 Stealth


You had 6 spell levels left.
You didn't know any spells.

Dungeon Overview and Level Annotations

Branches:
Dungeon (6/15)             Temple (0/1) D:5

Altars:
Ashenzari
Fedhas
Nemelex Xobeh
Qazlal
Ru
Yredelemnul

Shops:
D:4 (

Annotations:
D:4 Eustachio


Innate Abilities, Weirdness & Mutations

You are small and have problems with some larger weapons.
You are somewhat resistant to further mutation.


Message History

You feel very mighty all of a sudden. The orc warrior closely misses you.
Wield which item (- for none, * to show all)? (? for menu, Esc to quit)
b - a +0 short sword (weapon)
You feel agile all of a sudden. The orc warrior barely misses you.
You hit the orc warrior but do no damage.
The orc warrior is heavily wounded.
The orc warrior barely misses you.
You puncture the orc warrior!
The orc warrior is severely wounded.
The orc warrior misses you.
You barely miss the orc warrior.
The orc warrior is severely wounded.
The orc warrior hits you with a hand axe!
* * * LOW HITPOINT WARNING * * *
You hit the orc warrior but do no damage.
The orc warrior is severely wounded.
The orc warrior hits you with a hand axe!
You die...

### #<# #[# #@# #o#
##o##### #
#.(....############
#......#...........
#......#...........
#..................
#..............####
#.(................


You could see an orc warrior and an orc.

Vanquished Creatures
  Sigmund (D:4)
  A slave (D:5)
  An ice beast (D:6)
  A crimson imp (D:6)
  A centaur zombie (D:5)
  A centaur skeleton (D:5)
  An orc priest (D:5)
  5 adders
  An ooze (D:2)
  A worm (D:2)
  2 dart slugs
  4 leopard geckos
  2 orcs (D:5)
  2 giant cockroaches (D:2)
  8 goblins
  11 hobgoblins
  7 jackals
  A quokka (D:2)
  5 bats
  3 frilled lizards
  13 kobolds
  13 rats
85 creatures vanquished.

Notes
Turn   | Place    | Note
-------+----------+-------------------------------------------
     0 | D:1      | Angani the Halfling Hunter began the quest for the Orb.
     0 | D:1      | Reached XP level 1. HP: 14/14 MP: 1/1
    69 | D:1      | Reached skill level 6 in Slings
    97 | D:1      | Reached XP level 2. HP: 16/19 MP: 2/2
   612 | D:1      | Reached skill level 7 in Slings
   612 | D:1      | Reached XP level 3. HP: 24/24 MP: 3/3
   989 | D:1      | You fall through a shaft!
   995 | D:2      | Found a stormy altar of Qazlal.
  1339 | D:2      | Reached XP level 4. HP: 21/29 MP: 4/4
  1726 | D:2      | Found a shattered altar of Ashenzari.
  1745 | D:2      | Reached skill level 8 in Slings
  1861 | D:2      | Found a basalt altar of Yredelemnul.
  1934 | D:2      | Reached XP level 5. HP: 16/34 MP: 5/5
  2496 | D:3      | Found a blossoming altar of Fedhas.
  2655 | D:3      | Found a sacrificial altar of Ru.
  2683 | D:3      | Found a sparkling altar of Nemelex Xobeh.
  3098 | D:4      | Noticed Sigmund
  3105 | D:4      | Killed Sigmund
  3105 | D:4      | Reached skill level 10 in Slings
  3105 | D:4      | Reached XP level 6. HP: 14/39 MP: 6/6
  3303 | D:4      | Noticed a slave
  3304 | D:4      | Noticed a slave
  3306 | D:4      | Noticed a slave
  3384 | D:4      | Found Ropt's Antique Weapon Boutique.
  3484 | D:4      | Noticed Eustachio
  3497 | D:5      | Entered Level 5 of the Dungeon
  3512 | D:5      | Killed a slave
  3698 | D:5      | Found a staircase to the Ecumenical Temple.
  3880 | D:6      | Noticed an ice beast
  3906 | D:6      | Killed an ice beast
  3906 | D:6      | Reached skill level 11 in Slings
  3906 | D:6      | Reached XP level 7. HP: 3/44 MP: 7/7
  4404 | D:5      | HP: 2/44 [orc warrior/hand axe (9)]
  4405 | D:5      | Mangled by an orc warrior

Vault maps used:
D:1:      dpeg_arrival_round_b, solitary_fountain, roderic_roman_lattice,
          minmay_split_cup_small
D:2:      nicolae_qazlal_eye_of_the_storm, minitemple, minmay_hexomino_c4
D:3:      fedhas_altar_fruit_tree, lemuel_round_altar,
          nemelex_xobeh_ov_fountains_minmay
D:4:      serial_shops, shop, first_bread, uniq_sigmund, uniq_pikel,
          uniq_eustachio
D:5:      minmay_temple_entry_from_below_b, minmay_misc_feat_five

Skill      XL: |  1  2  3  4  5  6 |
---------------+-------------------+-----
Slings         | 6 7 8 10 11 | 11.7
Fighting       | |  1.7
Dodging        | |  2.1
Stealth        | |  1.1

Action                   |  1- 3 |  4- 6 |  7- 9 || total
-------------------------+-------+-------+-------++-------
Melee: Short sword       |   132 |    87 |     4 ||   223
 Fire: Hunting sling     |    11 |   123 |    37 ||   171
  Use: Potion            |       |     2 |     9 ||    11
  Eat: Chunk             |     1 |     8 |     1 ||    10
Armor: Leather armour    |    24 |    25 |     2 ||    51
Dodge: Dodged            |   124 |   100 |     8 ||   232
